 Dungeon Sprint DCSS version 0.17-a0-1674-g2b13139 (webtiles) character file.

12376 Kidiri the Unseen (level 11, -1/47 HPs)
             Began as a Spriggan Enchanter on Aug 18, 2015.
             Was the Champion of Dithmenos.
             Slain by the 27-headed Lernaean hydra (13 damage)
             ... in the Dungeon (Sprint III: "The Ten Rune Challenge").
             The game lasted 00:11:48 (3107 turns).

Kidiri the Unseen (Spriggan Enchanter)              Turns: 3107, Time: 00:11:48

Health: -1/47      AC:  4    Str:  4    XL:     11   Next: 61%
Magic:  25/29      EV: 33    Int: 18    God:    Dithmenos [******]
Gold:   37         SH:  0    Dex: 19    Spells: 10 memorised, 5 levels left

rFire  . . .     SeeInvis +     a - +1 dagger
rCold  . . .     Clarity  .     b - +2 robe
rNeg   . . .     SustAt   .     (shield restricted)
rPois  .         Gourm    .     (helmet restricted)
rElec  .         Spirit   .     (no cloak)
rCorr  .         Warding  .     (gloves unavailable)
rMut   .         NoTele   +     (boots unavailable)
MR     +....                    (no amulet)
Stlth  ++++++++++               (no ring)
                                (no ring)

@: wreathed by umbra, very quick, somewhat resistant to hostile enchantments,
uncannily stealthy
A: unfitting armour, see invisible, herbivore 3, speed 3, slow metabolism 2
a: Shadow Step, Shadow Form, Renounce Religion


You were in the Dungeon.
You worshipped Dithmenos.
Dithmenos was exalted by your worship.
You were not hungry.

You visited 1 branch You collected 37 gold pieces.

Inventory:

Hand weapons
 a - a +1 dagger (weapon)
Armour
 b - a +2 robe (worn)
Scrolls
 j - a scroll of blinking
 n - a scroll of remove curse
Potions
 e - 2 potions of curing
 g - 2 potions of haste
 h - 2 potions of magic
 l - a potion of berserk rage
 m - a potion of might
 o - 3 potions of flight
Books
 i - a Fen Folio

   Spells                             Type                      Level
   a - Corpse Rot                     Necromancy                   2
   b - Stone Arrow                    Conjuration/Earth            3
   c - Leda's Liquefaction            Hexes/Earth                  4
   d - Summon Forest                  Summoning/Translocation      5
   e - Hydra Form                     Transmutation                6
   f - Summon Hydra                   Summoning                    7
 k - a Grand Grimoire

   Spells                             Type                      Level
   a - Monstrous Menagerie            Summoning                    6
   b - Summon Greater Demon           Summoning                    7
   c - Malign Gateway                 Summoning/Translocation      7
   d - Summon Horrible Things         Summoning                    8
Comestibles
 c - 26 royal jellies
 d - a bread ration
 f - 6 fruits


   Skills:
 + Level 9.1 Short Blades
 * Level 16.0 Dodging
 * Level 17.2 Stealth
 * Level 13.7 Spellcasting
 + Level 5.9 Conjurations
 + Level 10.5 Hexes
 + Level 4.8 Summonings
 + Level 5.8 Necromancy
 + Level 8.8 Translocations
 + Level 5.9 Transmutations
 + Level 6.7 Ice Magic
 + Level 5.6 Earth Magic
 + Level 6.8 Invocations


You had 5 spell levels left.
You knew the following spells:

 Your Spells              Type           Power        Failure   Level  Hunger
a - Corona                Hex            ######.      1%          1    None
b - Ensorcelled Hibernat  Hex/Ice        #####.       1%          2    None
c - Confuse               Hex            ######..     1%          3    None
d - Tukima's Dance        Hex            ######..     1%          3    None
e - Dazzling Spray        Conj/Hex       #####...     1%          3    None
f - Corpse Rot            Necr           N/A          1%          2    None
g - Stone Arrow           Conj/Erth      ####..       1%          3    None
h - Leda's Liquefaction   Hex/Erth       #####.....   1%          4    #......
i - Summon Forest         Summ/Tloc      #####.....   12%         5    ####...
j - Hydra Form            Trmt           ####......   82%         6    ######.


Dungeon Overview and Level Annotations

Branches:
Dungeon (1/1)

Altars:
Cheibriados
Dithmenos
Elyvilon
Fedhas
Gozag
Kikubaaqudgha
Makhleb
Nemelex Xobeh
Okawaru
Qazlal
Ru
Sif Muna
Trog
Vehumet
Xom
Yredelemnul
Zin
The Shining One
Jiyva
Lugonu

Shops:
D !=(

Annotations:
D Lernaean hydra


Innate Abilities, Weirdness & Mutations

You are tiny and cannot use many weapons and most armour.
You have supernaturally acute eyesight.
You are a herbivore.
You cover ground extremely quickly.
You need consume almost no food.


Message History

You perforate the 27-headed Lernaean hydra like a sieve!!!!
The 27-headed Lernaean hydra is almost dead.
The 27-headed Lernaean hydra bites you.
The 27-headed Lernaean hydra closely misses you.
The 27-headed Lernaean hydra bites you.
The 27-headed Lernaean hydra closely misses you.
The 27-headed Lernaean hydra bites you.
The 27-headed Lernaean hydra completely misses you. x2
The 27-headed Lernaean hydra bites you!
The 27-headed Lernaean hydra misses you.
The 27-headed Lernaean hydra bites you.
The 27-headed Lernaean hydra misses you.
The 27-headed Lernaean hydra bites you.
The 27-headed Lernaean hydra completely misses you.
The 27-headed Lernaean hydra bites you!
* * * LOW HITPOINT WARNING * * *
You emit a cloud of dark smoke.
The 27-headed Lernaean hydra completely misses you.
The 27-headed Lernaean hydra bites you!
You die...

♣.##.#####...#....))#
.....##%.....#♣♣♣._)#
#######+###### #####
#.♣♣ #♣.♣ ♣.♣♣ ######
♣♣.♣ #.≈≈φ# ♣.♣♣
#D.§D# ♣.♣♣ #..P@#
♣..♣♣#≈.§##
♣♣.♣♣.####♣♣
♣♣.♣♣≈[.≈.♣
♣♣≈.♣♣♣♣♣♣.♣
♣..≈.§PP§.≈♣
♣.....§§§PP♣
♣.♣.≈§§§§..♣
♣♣♣♣♣♣♣♣∩∩∩♣


You could see the 27-headed Lernaean hydra and an eight-headed hydra (sleeping).

Vanquished Creatures
  Maud (D)
  Snorg (D)
  A hydra (D)
  A centaur warrior (D)
  An unseen horror (D)
  A death drake (D)
  A lindwurm (D)
  A spriggan druid (D)
  3 swamp dragons (D)
  2 spiny frogs (D)
  A komodo dragon (D)
  A deep elf priest (D)
  A queen bee (D)
  3 wandering mushrooms (D)
  A shadow (D)
  3 redbacks (D)
  2 spriggans (D)
  A spatial vortex (D)
  2 swamp drakes (D)
  A necrophage (D)
  2 centaurs (D)
  An earth elemental (D)
  2 brain worms (D)
  A water elemental (D)
  A scorpion (D)
  An electric eel (D)
  32 killer bees (D)
  A jelly (D)
  Jessica (D)
  A necromancer (D)
  A wizard (D)
  A kobold demonologist (D)
  3 humans (D)
  2 oozes (D)
  2 plants (D)
81 creatures vanquished.

Vanquished Creatures (others)
  2 draconian scorchers (D)
  A hydra (D)
  2 yaktaurs (D)
5 creatures vanquished.

Grand Total: 86 creatures vanquished

Notes
Turn   | Place    | Note
--------------------------------------------------------------
     0 | D        | Kidiri the Spriggan Enchanter began the quest for the Orb.
     0 | D        | Reached XP level 1. HP: 9/9 MP: 5/5
     9 | D        | Reached skill level 5 in Stealth
    11 | D        | Reached XP level 2. HP: 13/13 MP: 5/7
    15 | D        | Learned a level 2 spell: Ensorcelled Hibernation
    38 | D        | Killed a yaktaur
    42 | D        | Noticed Jessica
    50 | D        | Killed Jessica
    50 | D        | Reached skill level 5 in Dodging
    50 | D        | Reached skill level 6 in Stealth
    50 | D        | Reached skill level 1 in Ice Magic
    50 | D        | Reached XP level 3. HP: 12/16 MP: 1/10
   120 | D        | Killed a yaktaur
   132 | D        | Learned a level 3 spell: Confuse
   136 | D        | Learned a level 3 spell: Tukima's Dance
   145 | D        | Noticed a scorpion
   149 | D        | Killed a scorpion
   149 | D        | Reached skill level 7 in Stealth
   149 | D        | Reached skill level 5 in Spellcasting
   149 | D        | Reached XP level 4. HP: 15/21 MP: 9/12
   160 | D        | Learned a level 3 spell: Dazzling Spray
   187 | D        | Reached skill level 5 in Hexes
   215 | D        | Killed a white draconian scorcher
   262 | D        | Killed a white draconian scorcher
   460 | D        | Gained mutation: You are partially covered in molten scales (AC +1). [potion of mutation]
   460 | D        | Gained mutation: Your body sometimes deteriorates upon taking damage. [potion of mutation]
   461 | D        | Gained mutation: Armour fits poorly on your strangely shaped body. [potion of mutation]
   461 | D        | Gained mutation: Your magical capacity is low (-10% MP). [potion of mutation]
   461 | D        | Lost mutation: Armour fits poorly on your strangely shaped body. [potion of mutation]
   462 | D        | Lost mutation: Your magical capacity is low (-10% MP). [potion of cure mutation]
   462 | D        | Lost mutation: Your body sometimes deteriorates upon taking damage. [potion of cure mutation]
   462 | D        | Lost mutation: You are partially covered in molten scales (AC +1). [potion of cure mutation]
   592 | D        | Noticed a water elemental
   617 | D        | Killed a water elemental
   617 | D        | Reached skill level 8 in Stealth
   617 | D        | Reached skill level 1 in Conjurations
   617 | D        | Reached XP level 5. HP: 20/24 MP: 1/14
   818 | D        | Noticed a jelly
   819 | D        | Noticed a shadow
   821 | D        | Killed a shadow
   821 | D        | Reached skill level 9 in Dodging
   821 | D        | Reached skill level 10 in Stealth
   821 | D        | Reached XP level 6. HP: 28/28 MP: 14/17
   825 | D        | Killed a jelly
   830 | D        | Found a stormy altar of Qazlal.
   831 | D        | Found a sacrificial altar of Ru.
   831 | D        | Found a burning altar of Makhleb.
   831 | D        | Found a viscous altar of Jiyva.
   831 | D        | Found a shimmering altar of Xom.
   831 | D        | Found a shadowy altar of Dithmenos.
   831 | D        | Found a sparkling altar of Nemelex Xobeh.
   831 | D        | Found a corrupted altar of Lugonu.
   831 | D        | Found an opulent altar of Gozag.
   831 | D        | Noticed a spatial vortex
   835 | D        | Became a worshipper of Dithmenos the Shadowed
   861 | D        | Killed a spatial vortex
   861 | D        | Reached skill level 5 in Short Blades
   861 | D        | Reached skill level 11 in Stealth
   861 | D        | Reached skill level 1 in Invocations
  1053 | D        | Found a radiant altar of Vehumet.
  1054 | D        | Found a deep blue altar of Sif Muna.
  1054 | D        | Found an ancient bone altar of Kikubaaqudgha.
  1054 | D        | Noticed a wizard
  1055 | D        | Killed a wizard
  1055 | D        | Reached skill level 10 in Dodging
  1058 | D        | Reached XP level 7. HP: 32/32 MP: 14/20
  1069 | D        | Learned a level 2 spell: Corpse Rot
  1073 | D        | Learned a level 3 spell: Stone Arrow
  1078 | D        | Learned a level 4 spell: Leda's Liquefaction
  1097 | D        | Found a glowing silver altar of Zin.
  1098 | D        | Found a glowing golden altar of the Shining One.
  1098 | D        | Found a white marble altar of Elyvilon.
  1098 | D        | Noticed a deep elf priest
  1100 | D        | Killed a deep elf priest
  1100 | D        | Reached skill level 1 in Necromancy
  1100 | D        | Reached skill level 1 in Earth Magic
  1111 | D        | Found an iron altar of Okawaru.
  1112 | D        | Found a bloodstained altar of Trog.
  1112 | D        | Noticed a human
  1112 | D        | Noticed a human
  1114 | D        | Killed a human
  1114 | D        | Reached skill level 12 in Stealth
  1115 | D        | Killed a human
  1115 | D        | Acquired Dithmenos's first power
  1198 | D        | Found a snail-covered altar of Cheibriados.
  1198 | D        | Noticed a necrophage
  1199 | D        | Found a basalt altar of Yredelemnul.
  1199 | D        | Found a blossoming altar of Fedhas.
  1199 | D        | Noticed a necromancer
  1200 | D        | Killed a necrophage
  1200 | D        | Reached XP level 8. HP: 36/36 MP: 22/22
  1201 | D        | Killed a necromancer
  1212 | D        | Learned a level 5 spell: Summon Forest
  1228 | D        | Noticed Snorg
  1238 | D        | Killed Snorg
  1238 | D        | Reached skill level 13 in Stealth
  1238 | D        | Reached skill level 10 in Spellcasting
  1238 | D        | Reached skill level 1 in Summonings
  1274 | D        | Noticed an earth elemental
  1277 | D        | Killed an earth elemental
  1277 | D        | Reached XP level 9. HP: 39/39 MP: 24/24
  1282 | D        | Noticed a centaur
  1282 | D        | Noticed a centaur warrior
  1282 | D        | Noticed a centaur
  1284 | D        | Killed a centaur
  1284 | D        | Acquired Dithmenos's second power
  1286 | D        | Killed a centaur warrior
  1286 | D        | Reached skill level 14 in Stealth
  1286 | D        | Reached skill level 5 in Ice Magic
  1288 | D        | Killed a centaur
  1314 | D        | Noticed an unseen horror
  1318 | D        | Killed an unseen horror
  1328 | D        | Noticed a killer bee
  1328 | D        | Noticed a queen bee
  1328 | D        | Noticed a killer bee
  1328 | D        | Noticed a killer bee
  1328 | D        | Noticed a killer bee
  1328 | D        | Noticed a killer bee
  1328 | D        | Noticed a killer bee
  1328 | D        | Noticed a killer bee
  1328 | D        | Noticed a killer bee
  1328 | D        | Noticed a killer bee
  1328 | D        | Noticed a killer bee
  1328 | D        | Noticed a killer bee
  1328 | D        | Noticed a killer bee
  1328 | D        | Noticed a killer bee
  1328 | D        | Noticed a killer bee
  1329 | D        | Noticed a killer bee
  1329 | D        | Noticed a killer bee
  1329 | D        | Noticed a killer bee
  1329 | D        | Noticed a killer bee
  1329 | D        | Noticed a killer bee
  1329 | D        | Noticed a killer bee
  1329 | D        | Noticed a killer bee
  1329 | D        | Noticed a killer bee
  1329 | D        | Noticed a killer bee
  1329 | D        | Noticed a killer bee
  1329 | D        | Noticed a killer bee
  1329 | D        | Noticed a killer bee
  1329 | D        | Noticed a killer bee
  1329 | D        | Noticed a killer bee
  1329 | D        | Noticed a killer bee
  1329 | D        | Noticed a killer bee
  1329 | D        | Noticed a killer bee
  1329 | D        | Noticed a killer bee
  1330 | D        | Killed a killer bee
  1330 | D        | Acquired Dithmenos's third power
  1330 | D        | Reached skill level 5 in Translocations
  1331 | D        | Killed a killer bee
  1333 | D        | Killed a queen bee
  1337 | D        | Killed a killer bee
  1339 | D        | Killed a killer bee
  1341 | D        | Killed a killer bee
  1347 | D        | Killed a killer bee
  1347 | D        | Reached skill level 5 in Invocations
  1349 | D        | Killed a killer bee
  1349 | D        | Acquired Dithmenos's fourth power
  1351 | D        | Killed a killer bee
  1355 | D        | Killed a killer bee
  1355 | D        | Reached XP level 10. HP: 42/44 MP: 8/26
  1357 | D        | Killed a killer bee
  1359 | D        | Killed a killer bee
  1361 | D        | Killed a killer bee
  1494 | D        | Learned a level 6 spell: Hydra Form
  1496 | D        | Killed a killer bee
  1497 | D        | Killed a killer bee
  1497 | D        | Killed a killer bee
  1499 | D        | Killed a killer bee
  1499 | D        | Reached skill level 1 in Transmutations
  1501 | D        | Killed a killer bee
  1501 | D        | Reached skill level 15 in Stealth
  1503 | D        | Killed a killer bee
  1505 | D        | Killed a killer bee
  1507 | D        | Killed a killer bee
  1509 | D        | Killed a killer bee
  1511 | D        | Killed a killer bee
  1515 | D        | Killed a killer bee
  1518 | D        | Killed a killer bee
  1520 | D        | Killed a killer bee
  1667 | D        | Killed a killer bee
  1671 | D        | Killed a killer bee
  1673 | D        | Killed a killer bee
  1675 | D        | Killed a killer bee
  1677 | D        | Killed a killer bee
  1679 | D        | Killed a killer bee
  1684 | D        | Killed a killer bee
  1877 | D        | Noticed a wandering mushroom
  1878 | D        | Noticed a wandering mushroom
  1878 | D        | Noticed a wandering mushroom
  1879 | D        | Killed a wandering mushroom
  1883 | D        | Killed a wandering mushroom
  1888 | D        | Killed a wandering mushroom
  1888 | D        | Reached skill level 5 in Conjurations
  2054 | D        | Noticed a spiny frog
  2054 | D        | Noticed a komodo dragon
  2054 | D        | Noticed a spiny frog
  2058 | D        | Killed a komodo dragon
  2060 | D        | Killed a spiny frog
  2061 | D        | Killed a spiny frog
  2067 | D        | Noticed a redback
  2069 | D        | Killed a redback
  2070 | D        | Noticed a brain worm
  2073 | D        | Killed a brain worm
  2079 | D        | Noticed a brain worm
  2082 | D        | Killed a brain worm
  2088 | D        | Noticed a lindwurm
  2090 | D        | Noticed a redback
  2097 | D        | Killed a lindwurm
  2099 | D        | Killed a redback
  2099 | D        | Reached skill level 16 in Stealth
  2127 | D        | Noticed a redback
  2130 | D        | Killed a redback
  2154 | D        | Noticed Maud
  2162 | D        | Killed Maud
  2162 | D        | Reached skill level 15 in Dodging
  2162 | D        | Reached skill level 10 in Hexes
  2162 | D        | Reached skill level 5 in Necromancy
  2162 | D        | Reached skill level 5 in Earth Magic
  2162 | D        | Reached XP level 11. HP: 23/47 MP: 24/29
  2320 | D        | Noticed an electric eel
  2321 | D        | Noticed a six-headed hydra
  2321 | D        | Noticed an eight-headed hydra
  2327 | D        | Killed an electric eel
  2332 | D        | HP: 1/47 [six-headed hydra (6)]
  2359 | D        | Killed a six-headed hydra
  2414 | D        | Killed an eight-headed hydra
  2715 | D        | Noticed a death drake
  2718 | D        | Killed a death drake
  2718 | D        | Reached skill level 5 in Transmutations
  2730 | D        | Found a blossoming altar of Fedhas.
  2730 | D        | Noticed a spriggan
  2730 | D        | Noticed a spriggan druid
  2730 | D        | Noticed a spriggan
  2732 | D        | Killed a spriggan druid
  2733 | D        | Killed a spriggan
  2734 | D        | Killed a spriggan
  2762 | D        | Noticed a swamp dragon
  2764 | D        | Killed a swamp dragon
  2950 | D        | Noticed a swamp drake
  2952 | D        | Killed a swamp drake
  3056 | D        | Noticed a swamp drake
  3057 | D        | Noticed a swamp dragon
  3057 | D        | Found Nineasof's Distillery.
  3058 | D        | Killed a swamp drake
  3058 | D        | Reached skill level 17 in Stealth
  3059 | D        | Found Hufikonorph's Jewellery Shop.
  3059 | D        | Found Ygygrika's Antique Weapon Shoppe.
  3060 | D        | Killed a swamp dragon
  3098 | D        | Noticed a swamp dragon
  3101 | D        | Killed a swamp dragon
  3105 | D        | Noticed an eight-headed hydra
  3105 | D        | Noticed the 27-headed Lernaean hydra
  3107 | D        | Slain by the 27-headed Lernaean hydra

Vault maps used:
D:        dungeon_sprint_mu

Action                   |  1- 3 |  4- 6 |  7- 9 | 10-12 || total
-------------------------+-------+-------+-------+-------++-------
Melee: Dagger            |     6 |    26 |    25 |   282 ||   339
 Cast: Ensorcelled Hiber |     4 |     3 |    11 |    38 ||    56
       Dazzling Spray    |       |     9 |     1 |     4 ||    14
       Confuse           |       |       |     1 |     6 ||     7
Invok: Shadow Step       |       |       |       |     7 ||     7
  Use: Scroll            |       |     5 |       |       ||     5
       Potion            |       |     4 |       |     2 ||     6
 Stab: Sleeping          |     4 |     4 |    21 |    43 ||    72
       Invisible         |       |     1 |       |       ||     1
       Confused          |       |       |     1 |     1 ||     2
  Eat: Bread ration      |       |       |       |     1 ||     1
